 Dungeon Crawl Stone Soup version 0.30-a0-149-g7f746667c4 (webtiles) character file.

Game seed: 7678799759483354795

751 LnG the Sneak (level 8, -3/44 HPs)
             Began as a Kobold Summoner on Sept 26, 2022.
             Slain by an iguana (7 damage)
             ... on level 6 of the Dungeon.
             The game lasted 00:12:55 (5350 turns).

LnG the Sneak (Kobold Summoner)                     Turns: 5350, Time: 00:12:55

Health: -3/44      AC:  9    Str: 11    XL:     8   Next: 6%
Magic:  7/13       EV: 15    Int: 18    God:
Gold:   341        SH:  0    Dex: 16    Spells: 0/13 levels left

rFire   . . .      SeeInvis .    m - +1 dagger (speed)
rCold   . . .      Faith    .    (no shield)
rNeg    . . .      Spirit   .    a - +0 robe
rPois   .          Reflect  .    (no helmet)
rElec   .          Harm     .    j - scarf {repulsion}
rCorr   .          Rampage  .    (no gloves)
Will    .....                    v - +2 pair of boots
Stlth   +++++.....               (no amulet)
HPRegen 0.14/turn                f - +6 ring of strength
MPRegen 0.13/turn                n - +4 ring of protection

@: repel missiles
A: small, no large weapons, nightstalker 3
a: no special abilities


You were on level 6 of the Dungeon.
You visited 1 branch of the dungeon, and saw 6 of its levels.
You also visited: Ossuary.

You collected 341 gold pieces.

Inventory:

Hand Weapons
 e - a +0 dagger of electrocution
 i - a +0 rapier
 m - a +1 dagger of speed (weapon)
Missiles
 z - a throwing net
Armour
 a - a +0 robe (worn)
 j - a scarf of repulsion (worn)
 v - a +2 pair of boots (worn)
Jewellery
 f - a +6 ring of strength (left hand)
 n - a +4 ring of protection (right hand)
 u - a ring of protection from cold
Wands
 E - a wand of charming (6)
Scrolls
 c - a scroll of magic mapping
 d - 2 scrolls of amnesia
 g - 2 scrolls of blinking {unknown}
 l - 2 scrolls of poison {unknown}
 o - 2 scrolls of enchant weapon {unknown}
 p - 4 scrolls of teleportation {unknown}
 s - a scroll of noise {unknown}
 y - 2 scrolls of vulnerability {unknown}
 B - a scroll of butterflies {unknown}
 D - a scroll of fear {unknown}
Potions
 b - a potion of magic
 h - a potion of cancellation
 k - 2 potions of curing {unknown}
 q - 4 potions of lignification {unknown}
 t - 3 potions of degeneration {unknown}
 w - a potion of mutation {unknown}
 x - 4 potions of brilliance {unknown}
 A - a potion of haste {unknown}
 C - a potion of invisibility {unknown}


   Skills:
 + Level 2.1 Fighting
 + Level 4.0 Short Blades
 + Level 3.1 Dodging
 * Level 7.7 Stealth
 + Level 3.4 Spellcasting
 + Level 0.1 Hexes
 * Level 5.7 Summonings


You couldn't memorise any spells.
You knew the following spells:

 Your Spells              Type           Power      Damage    Failure   Level
a - Summon Small Mammal   Summ           92%        N/A       1%          1
b - Call Imp              Summ           23%        N/A       2%          2
c - Call Canine Familiar  Summ           23%        N/A       4%          3
d - Summon Guardian Gole  Hex/Summ       13%        N/A       14%         3
e - Summon Lightning Spi  Summ/Air       13%        N/A       43%         4

Your spell library contained the following spells:

 Spells                   Type           Power      Damage    Failure   Level
 Ensorcelled Hibernation  Hex/Ice        6%         N/A       22%         2
 Static Discharge         Conj/Air       6%         2-3/arc   24%         2
 Gell's Gravitas          Tloc           3%         N/A       43%         3
 Lesser Beckoning         Tloc           3%         N/A       43%         3
 Spider Form              Tmut/Pois      3%         N/A       43%         3
 Teleport Other           Tloc           3%         N/A       43%         3
 Anguish                  Hex/Necr       1%         N/A       83%         4
 Arcjolt                  Conj/Air       1%         1d11      99%         5
 Lightning Bolt           Conj/Air       1%         1d12      99%         5
 Dispersal                Tloc           1%         N/A       100%        6
 Maxwell's Capacitive Co  Air            1%         ∞         100%        8


Dungeon Overview and Level Annotations

Branches:
Dungeon (6/15)            Ossuary (visited)
 Temple: D:4-7

Altars:
Elyvilon
Kikubaaqudgha
Sif Muna


Innate Abilities, Weirdness & Mutations

You are small and have problems with some larger weapons.
You are completely attuned to the shadows.


Message History

You are engulfed in a cloud of scalding steam.
Casting: Call Canine Familiar (dangerous; 4% risk of failure)
Confirm with . or Enter, or press ? or * to list all spells.
A guardian golem appears, shielding your allies.
An iguana comes into view.
The steam dragon breathes steam at you. The ball of steam hits you!
The ball of steam hits your hound!
The steam dragon attacks as you move away!
The steam dragon closely misses you.
The steam dragon claws you but does no damage.
Your hound is engulfed in a cloud of scalding steam. x2
Your hound bites the steam dragon but does no damage.
You completely miss the steam dragon.
The steam dragon is lightly wounded.
You are engulfed in a cloud of scalding steam.
* * * LOW HITPOINT WARNING * * *
You feel much better.
You are engulfed in a cloud of scalding steam.
Your hound is engulfed in a cloud of scalding steam.
Your hound bites the steam dragon but does no damage.
The steam dragon barely misses you. x2
Your hound is engulfed in a cloud of scalding steam.
Your hound bites the steam dragon.
You hit the steam dragon.
The steam dragon is lightly wounded.
The steam dragon bites you. The steam dragon closely misses you.
Your hound is engulfed in a cloud of scalding steam.
Your hound bites the steam dragon but does no damage.
You hit the steam dragon.
The steam dragon is lightly wounded.
You hit the steam dragon but do no damage.
The steam dragon is lightly wounded.
Your hound is engulfed in a cloud of scalding steam.
Your hound dies!
Your hound's corpse disappears in a puff of smoke!
The steam dragon breathes steam at you. The ball of steam hits you!
* * * LOW HITPOINT WARNING * * *
The iguana attacks as you move away! The iguana bites you!
You die...

... .. .# #.# .########
#.# #.# .........> ###.#
#.# ...........#...####.#
............†..†.##.####
####.#....(....l9.......
...............D@#.####.#
.....#############.## #.#
.......# ......# #.#
....##.# ......###.###
....##.# ............#
....##.# ......###.#.#
.... #.# #.......###.#.#
#.# #........##.#.#######
#.# #........#..........#


You could see a steam dragon (catching breath, ally target), an iguana and a
friendly guardian golem (summoned).

Vanquished Creatures
  A centaur (D:5)
  2 iguanas (D:5)
  3 mummies (Ossuary)
  4 adders
  A white imp (D:6)
  An ufetubus (D:6)
  3 adder zombies (Ossuary)
  2 dart slugs
  5 orcs
  9 endoplasms
  3 giant cockroaches
  3 goblins
  4 hobgoblins
  2 jackals (D:2)
  2 kobolds
  2 quokkas
  6 ball pythons
  2 bats (D:1)
  3 frilled lizards
  A goblin zombie (Ossuary)
  A jackal zombie (Ossuary)
  2 kobold zombies (Ossuary)
  An orc zombie (Ossuary)
  7 rats
  A rat zombie (Ossuary)
71 creatures vanquished.

Vanquished Creatures (collateral kills)
  An elf zombie (Ossuary)
  A scorpion (D:4)
  A howler monkey (D:6)
  A hound (D:6)
  An orc wizard (D:4)
  A mummy (Ossuary)
  5 gnolls
  4 adders
  A white imp (D:5)
  An adder zombie (Ossuary)
  A worm (D:4)
  A dart slug (D:2)
  12 orcs
  A giant cockroach (D:1)
  3 jackals (D:2)
  A ball python (D:1)
  A kobold (D:2)
  An orc zombie (Ossuary)
  A rat (D:1)
39 creatures vanquished.

Vanquished Creatures (others)
  A gnoll bouda (D:5)
  An iguana (D:6)
  3 gnolls (D:5)
5 creatures vanquished.

Grand Total: 115 creatures vanquished

Notes
Turn   | Place    | Note
-------+----------+-------------------------------------------
     0 | D:1      | LnG the Kobold Summoner began the quest for the Orb.
     0 | D:1      | Reached XP level 1. HP: 10/10 MP: 3/3
    55 | D:1      | Found a faded altar of an unknown god.
   348 | D:1      | Reached XP level 2. HP: 15/15 MP: 5/5
   351 | D:1      | Learned a level 2 spell: Call Imp
   593 | D:1      | Reached skill level 3 in Stealth
   971 | D:2      | Reached XP level 3. HP: 19/19 MP: 6/6
   980 | D:2      | Learned a level 3 spell: Call Canine Familiar
  1692 | D:2      | Reached skill level 4 in Stealth
  1692 | D:2      | Reached XP level 4. HP: 24/24 MP: 7/7
  2649 | D:4      | Reached XP level 5. HP: 19/28 MP: 0/8
  2653 | D:4      | Learned a level 3 spell: Summon Guardian Golem
  2799 | D:4      | Reached skill level 5 in Stealth
  2801 | D:4      | Reached skill level 1 in Fighting
  2806 | D:4      | Reached skill level 1 in Short Blades
  2940 | D:4      | Reached skill level 5 in Summonings
  2940 | D:4      | Reached XP level 6. HP: 20/34 MP: 8/10
  3563 | D:5      | Entered Level 5 of the Dungeon
  3650 | D:5      | Found a sand-covered staircase.
  3656 | Ossuary  | Entered an ossuary
  3795 | Ossuary  | Reached skill level 6 in Stealth
  4254 | Ossuary  | Reached XP level 7. HP: 39/39 MP: 11/11
  4498 | D:5      | Found a white marble altar of Elyvilon.
  4499 | D:5      | Found an ancient bone altar of Kikubaaqudgha.
  4501 | D:5      | Found a shimmering blue altar of Sif Muna.
  4610 | D:5      | Reached skill level 7 in Stealth
  5314 | D:6      | Reached XP level 8. HP: 32/44 MP: 11/13
  5319 | D:6      | Learned a level 4 spell: Summon Lightning Spire
  5350 | D:6      | Slain by an iguana

Illustrated notes

Levels and vault maps discovered:
D:1:      dpeg_arrival_arbitrary_b, layout_loops_ring, basic_ecumenical_altar
D:2:      layout_rooms, kennysheep_generic_room_6
D:3:      layout_basic
D:4:      wander_river, layout_basic
D:5:      layout_gridville, chequers_temple_overflow_statue_of_worship,
          nicolae_ossuary_entry_plus, minmay_misc_feat_room, uniq_menkaure
D:6:      layout_basic, zin_statuary, minmay_temple_entry_antechambers,
          uniq_grinder

Skill      XL: |  1  2  3  4  5  6  7 |
---------------+----------------------+-----
Stealth        | 3 4 5 6 7 |  7.7
Fighting       | 1 2 |  2.1
Short Blades   | 1 2 4 |  4.0
Summonings     | 5 |  5.7
Spellcasting   | 3 |  3.4
Dodging        | 3 |  3.1
Hexes          | |  0.1

Action                   |  1- 3 |  4- 6 |  7- 9 || total
-------------------------+-------+-------+-------++-------
Melee: Unarmed           |     4 |       |       ||     4
       Dagger            |    51 |   172 |    93 ||   316
       Punch             |     1 |     3 |     1 ||     5
 Cast: Summon Small Mamm |     9 |       |       ||     9
       Call Canine Famil |     2 |     9 |     6 ||    17
       Call Imp          |     1 |     7 |     2 ||    10
       Summon Guardian G |       |       |     3 ||     3
  Use: Scroll            |     5 |     1 |       ||     6
       Potion            |     1 |       |     1 ||     2
 Stab: Sleeping          |    20 |    14 |     5 ||    39
       Distracted        |     1 |       |     1 ||     2
Armor: Robe              |     7 |    17 |    17 ||    41
Dodge: Dodged            |    39 |    75 |    50 ||   164

Table legend: (Time is in decaauts)
 A = Elapsed time spent in this place.
 B = Non-inter-level travel time spent in this place.
 C = Inter-level travel time spent in this place.
 D = Time resting spent in this place.
 E = Time spent auto-exploring this place.
 F = Levels seen in this place.
 G = Mean time per level.
                   A        B        C        D        E       F      G
               +--------+--------+--------+--------+--------+-----+--------+
         Total |   5260 |   5100 |    160 |   1277 |   2998 |   7 |  751.4 |
       Dungeon |   4592 |   4432 |    160 |    892 |   2844 |   6 |  765.3 |
       Ossuary |    668 |    668 |      0 |    385 |    154 |   1 |  668.0 |
               +--------+--------+--------+--------+--------+-----+--------+

Top non-repeatable levels by time:
     D:4: 1045 daAuts
     D:1: 941 daAuts
     D:5: 857 daAuts
     D:2: 825 daAuts
     D:3: 736 daAuts
 Ossuary: 668 daAuts
     D:6: 185 daAuts
